 Dungeon Crawl Stone Soup version 0.32-a0-360-gcd93b57ba1 (webtiles) character file.

Game seed: 8846500539368974672

336387 SpatialMaelstrom the Warrior (level 20, -7/196 (213) HPs)
             Began as a Pale Draconian Delver on Feb 18, 2024.
             Was the Champion of Beogh.
             Killed by the air
             ... invoked by Sojobo
              (18 damage)
             ... on level 15 of the Dungeon.
             The game lasted 01:20:27 (54784 turns).

SpatialMaelstrom the Warrior (DrDe)                Turns: 54784, Time: 01:20:28

HP:   -7/196 (213)  AC: 20    Str: 15    XL:     20   Next: 98%
MP:   30/30         EV: 34    Int: 21    God:    Beogh [******]
Gold: 1415          SH: 17    Dex: 20    Spells: 19/19 levels left

rFire   + . .        B - +3 Maxwell's thermic engine {flame, freeze, rev}
rCold   x . .        h - +2 kite shield {reflect}
rNeg    . . .        (body armour unavailable)
rPois   .            T - +3 hat of Pondering {ponderous, Will+ MP+10 Int+5}
rElec   .            K - scarf {repulsion}
rCorr   .            z - +2 pair of gloves
SInv    .            r - +2 pair of boots {Stlth+}
Will    ++...        J - amulet of regeneration
Stlth   ++++         s - ring of the Crushed Invaders {rF+ EV+5 Int+4}
HPRegen 1.32/turn    Z - +5 ring of evasion
MPRegen 0.22/turn

%: repel missiles, reflection
@: about to teleport, maw-form, studying Long Blades, drained, slow
A: devouring maw, walk on water, breathe steam, AC +10, unfitting armour,
cold-blooded, steam resistance, robust 1, shaggy fur 1, cold vulnerability 1
}: 2/15 runes: barnacled, gossamer
a: Breathe Steam, Begin Untransformation, Renounce Religion, Smiting, Recall
Apostles, Blood for Blood, Dismiss Zorug, priest, Dismiss Bogdan, priest,
Dismiss Bogdar, warrior


You were on level 15 of the Dungeon.
You worshipped Beogh.
Beogh was exalted by your worship.
You were a creature with a mouth for a stomach.
You visited 9 branches of the dungeon, and saw 39 of its levels.
You also visited: Ossuary and Gauntlet.

You collected 5192 gold pieces.
You spent 3777 gold pieces at shops.

Inventory:

Hand Weapons
 A - a +1 double sword of protection
 B - the +3 Maxwell's thermic engine (weapon) {flame, freeze, rev}
   (You took it off a deep elf death mage on level 2 of the Elven Halls)
Armour
 h - a +2 kite shield of reflection (worn)
 r - a +2 pair of boots of stealth (worn)
 z - a +2 pair of gloves (worn)
 K - a scarf of repulsion (worn)
 T - the +3 hat of Pondering (worn) {ponderous, Will+ MP+10 Int+5}
   (You took it off Gastronok on level 12 of the Dungeon)

   Int+5:     It affects your intelligence (+5).
   Will+:     It increases your willpower.
   MP+10:     It affects your magic capacity (+10).
 W - the +1 pair of boots of Death's Door {Harm rC+ Int+3}
   (You found it in a Gauntlet)

   Int+3:     It affects your intelligence (+3).
   rC+:       It protects you from cold.
   Harm:      It increases damage dealt and taken.
Jewellery
 s - the ring of the Crushed Invaders (left hand) {rF+ EV+5 Int+4}
   (You bought it in a shop on level 2 of the Vaults)

   [ring of evasion]

   EV+5:      It affects your evasion (+5).
   Int+4:     It affects your intelligence (+4).
   rF+:       It protects you from fire.
 u - a ring of protection from fire
 D - a ring of poison resistance
 J - an amulet of regeneration (around neck)
 N - the ring "Elist" {rN+ SInv}
   (You took it off a deep elf blademaster on level 3 of the Elven Halls)

   [ring of positive energy]

   rN+:       It protects you from negative energy.
   SInv:      It lets you see invisible.
 O - a ring of protection from cold
 U - the ring "Zoem" {Fire rN++ Str-2}
   (You bought it in a shop on level 2 of the Vaults)

   [ring of fire]

   Fire:      It enhances your fire magic.
   Str-2:     It affects your strength (-2).
   rF+:       It protects you from fire.
   rC-:       It makes you vulnerable to cold.
   rN++:      It greatly protects you from negative energy.
 Z - a +5 ring of evasion (right hand)
Talismans
 i - a granite talisman
 X - a maw talisman (active)
Wands
 c - a wand of light (12)
 v - a wand of digging (16)
Scrolls
 a - 2 scrolls of blinking {@r4}
 b - 8 scrolls of fog {@r2}
 f - 11 scrolls of amnesia
 o - 5 scrolls of immolation
 x - 14 scrolls of identify {@r1}
 y - 6 scrolls of poison
 F - 14 scrolls of teleportation {@r3}
 I - 13 scrolls of enchant armour
 L - 4 scrolls of enchant weapon
 P - a scroll of revelation {@r5}
 S - 3 scrolls of fear
Potions
 d - a potion of resistance
 e - 7 potions of haste {@q5}
 g - 4 potions of lignification
 k - 5 potions of enlightenment
 l - 8 potions of ambrosia
 m - 2 potions of heal wounds {@q1}
 n - 9 potions of brilliance
 p - 6 potions of curing {@q2}
 w - 2 potions of magic
 E - 12 potions of attraction
 G - 8 potions of mutation
 H - 2 potions of invisibility
 M - 2 potions of cancellation
 Q - 4 potions of berserk rage
 Y - 7 potions of might {@q3}
Miscellaneous
 j - a phial of floods (inert)
 q - a phantom mirror
 C - a sack of spiders
 R - a lightning rod (4/4)
 V - a condenser vane


   Skills:
 + Level 20.3 Fighting
 - Level 16.0 Long Blades
 + Level 17.0 Dodging
 - Level 5.0 Stealth
 + Level 17.4 Shields
 - Level 17.0 Shapeshifting


You had 19 spell levels left.
You didn't know any spells.
Your spell library contained the following spells:

 Spells                   Type           Power      Damage    Failure   Level
 Apportation              Tloc           0%         N/A       28%         1
 Foxfire                  Conj/Fire      0%         2x1d4     28%         1
 Freeze                   Ice            0%         1d3       28%         1
 Magic Dart               Conj           0%         1d3       28%         1
 Necrotise                Necr           0%         1d4       28%         1
 Sandblast                Erth           0%         2d4       28%         1
 Slow                     Hex            0%         N/A       28%         1
 Sting                    Conj/Alch      0%         1d3       28%         1
 Summon Small Mammal      Summ           0%         N/A       28%         1
 Blink                    Tloc           0%         N/A       38%         2
 Call Imp                 Summ           0%         N/A       38%         2
 Cigotuvi's Dreadful Rot  Necr/Alch/Air  0%         N/A       38%         2
 Ensorcelled Hibernation  Hex/Ice        0%         N/A       38%         2
 Jinxbite                 Hex            0%         N/A       38%         2
 Lesser Beckoning         Tloc           0%         N/A       38%         2
 Momentum Strike          Conj/Tloc      0%         3d8       38%         2
 Scorch                   Fire           0%         2d5       38%         2
 Searing Ray              Conj           0%         2d4       38%         2
 Static Discharge         Conj/Air       0%         3-3/arc   38%         2
 Sublimation of Blood     Necr           0%         N/A       38%         2
 Frozen Ramparts          Ice            0%         1d1       63%         3
 Fugue of the Fallen      Necr           0%         N/A       63%         3
 Gell's Gravitas          Tloc           0%         N/A       63%         3
 Hailstorm                Conj/Ice       0%         3d5       63%         3
 Passwall                 Erth           0%         N/A       63%         3
 Sigil of Binding         Hex            0%         N/A       63%         3
 Stone Arrow              Conj/Erth      0%         3d7       63%         3
 Teleport Other           Tloc           0%         N/A       63%         3
 Tukima's Dance           Hex            0%         N/A       63%         3
 Vampiric Draining        Necr           0%         2d6       63%         3
 Airstrike                Air            0%         2d(0-16)  95%         4
 Anguish                  Hex/Necr       0%         N/A       95%         4
 Brom's Barrelling Bould  Conj/Erth      0%         2d3       95%         4
 Dimensional Bullseye     Hex/Tloc       0%         N/A       95%         4
 Dispel Undead            Necr           0%         3d6       95%         4
 Flame Wave               Conj/Fire      0%         2d4       95%         4
 Fulminant Prism          Conj/Alch      0%         3d5       95%         4
 Iskenderun's Mystic Bla  Conj/Tloc      0%         2d3       95%         4
 Leda's Liquefaction      Alch/Erth      0%         N/A       95%         4
 Martyr's Knell           Necr/Summ      0%         N/A       95%         4
 Passage of Golubria      Tloc           0%         N/A       95%         4
 Petrify                  Alch/Erth      0%         N/A       95%         4
 Summon Blazeheart Golem  Fire/Summ      0%         N/A       95%         4
 Summon Lightning Spire   Summ/Air       0%         N/A       95%         4
 Curse of Agony           Necr           0%         N/A       100%        5
 Iskenderun's Battlesphe  Conj           0%         2d6       100%        5
 Metabolic Englaciation   Hex/Ice        0%         N/A       100%        5
 Yara's Violent Unravell  Hex/Alch       0%         3d3       100%        5
 Bombard                  Conj/Erth      0%         9d1       100%        6
 Death Channel            Necr           0%         N/A       100%        6
 Plasma Beam              Fire/Air       0%         2x1d10    100%        6
 Sculpt Simulacrum        Ice/Alch       0%         N/A       100%        6
 Starburst                Conj/Fire      0%         6d3       100%        6
 Summon Cactus Giant      Summ           0%         N/A       100%        6
 Enfeeble                 Hex            0%         N/A       100%        7
 Orb of Destruction       Conj           0%         9d5       100%        7
 Spellforged Servitor     Conj/Summ      0%         N/A       100%        7
 Summon Hydra             Summ           0%         N/A       100%        7
 Lehudib's Crystal Spear  Conj/Erth      0%         10d2      100%        8
 Animate Armour           Summ/Erth      Unusable   N/A       N/A         4

Dungeon Overview and Level Annotations

Branches:
Dungeon (15/15)            Temple (1/1) D:6            Lair (5/5) D:9
 Shoals (4/4) Lair:3       Spider (4/4) Lair:2        Slime (0/5) Lair:4
    Orc (2/2) D:10            Elf (3/3) Orc:2        Vaults (4/5) D:13
  Crypt (0/3) Vaults:2     Depths (1/4) D:15        Ossuary (visited)
Gauntlet (visited)

Altars:
Ashenzari
Cheibriados
Dithmenos
Elyvilon
Fedhas
Gozag
Hepliaklqana
Kikubaaqudgha
Makhleb
Nemelex Xobeh
Okawaru
Qazlal
Ru
Sif Muna
Trog
Uskayaw
Vehumet
Wu Jian
Xom
Yredelemnul
Zin
The Shining One
Beogh
Jiyva

Shops:
D:2 *   D:6 :   D:10 :   D:14 [   Orc:2 [*![   Shoals:3 (   Vaults:2 ?=((?
Vaults:3 !

Annotations:
D:15 Sojobo
Vaults:2 3 runed translucent doors, Qedwod's ghost, veteran DrFE


Innate Abilities, Weirdness & Mutations

You are a creature with a mouth for a stomach.
Your midsection houses a second, enormous mouth.
You can walk on water.
Your facial features are unmistakably orcish.
You can breathe blasts of scalding, opaque steam.
Your pale cyan-grey scales are hard. (AC +10)
You cannot fit into any form of body armour.
You are cold-blooded and may be slowed by cold attacks.
You are immune to the effects of steam.
You are robust. (+10% HP)
You are covered in fur. (AC +1)
You are vulnerable to cold. (rC-)


Message History

You miss Sojobo.
Sojobo is severely wounded.
The red very ugly thing misses you. The tengu reaver completely misses you.
The tengu reaver pecks you but does no damage.
You block the tengu reaver's attack.
You hit Sojobo. You burn Sojobo. You freeze Sojobo. Your bite misses Sojobo.
Sojobo is severely wounded.
Sojobo barely misses you. Sojobo misses you. You block Sojobo's attack.
You hit Sojobo but do no damage. You freeze Sojobo.
Sojobo is severely wounded.
The red very ugly thing misses you. The tengu reaver completely misses you.
You block the tengu reaver's attack.
The tengu reaver claws you but does no damage.
Sojobo conjures a fierce blast of wind!
The red very ugly thing is knocked back by the gust of wind.
The red very ugly thing slams into the stone wall!
The red very ugly thing is heavily wounded.
The tengu reaver is knocked back by the gust of wind.
The tengu reaver slams into the stone wall!
The tengu reaver is severely wounded.
You are knocked back by the gust of wind.
You slam into the stone wall!
* * * LOW HITPOINT WARNING * * *
Unknown command.
Read: 3 scrolls of fear
Press: ? - help, Q - select action, (/) - cycle Dir - look around, f - activate Look: a tengu reaver, wielding a +0 great sword and wearing a +0 scale mail (severely wounded, repelling missiles, chance to affect: 79%)
Okay, then.
Blink to where?
Press: ? - help, Q - select action, (/) - cycle Dir - move target
As you read the scroll of blinking {@r4}, it crumbles to dust.
As you read the scroll of teleportation {@r3}, it crumbles to dust.
You feel strangely unstable. The tengu reaver casts a spell at you.
The bolt of lightning hits you!!
* * * LOW HITPOINT WARNING * * *
Sojobo waves her feathered arms in wide circles.
The air twists around and strikes you!!
You die...
Sojobo says, "The outcome was never in doubt."

##################.###.###.##.#
####.##Q#..####....# #.##.#
##.....Q..u..####..# #.##.#
#....÷........###..###.##.###
##..)(#.#....ß#.............#
##..[#####...####..##...###.#
#####ß.÷### ###..## #..##...#
#.. #...#.[.#
#...###..##.o.###.# (.[###..##
##.W.#.............# #..# #...#
#...####.###..###### #..# #..##
##..# #.# #..##### #o.###..##
##..####.###..o...# #...##..##
##..##........###o#
##.###...######..####.######
#.# #.# #.#........## #.# #.#
##.# #.########## ##o# #.##
...# #.# #..# #..o


You could see Sojobo (repels missiles), a red very ugly thing and a tengu reaver
(repels missiles).

Vanquished Creatures
  Xtahua (Vaults:2)
  Arachne (Spider:3)
  Jorgrun (D:14)
  A tentacled monstrosity (Vaults:4)
  2 deep elf blademasters
  3 deep elf master archers (Elf:3)
  3 sphinxes
  Polyphemus (Shoals:4)
  2 tengu reavers
  A kraken (Shoals:4)
  A shadow dragon (Vaults:4)
  Kirke (Lair:2)
  5 deep elf sorcerers
  2 deep elf elementalists (Elf:3)
  9 ironbound preservers
  2 emperor scorpions
  3 ghost moths
  7 vault wardens
  A curse skull (Vaults:2)
  An angel (Shoals:4)
  The ghost of senseless the Warrior, an adept FeSh of Nemelex Xobeh (Spider:4)
  Louise (Elf:3)
  2 orc warlords
  A ghoul (Vaults:2)
  4 broodmothers
  6 ironbound thunderhulks
  The ghost of Uduj the Thaumaturge, a journeyman DjCj of Makhleb (Lair:5)
  A formless jellyfish (Vaults:3)
  3 deep elf demonologists (Elf:3)
  A stone giant (Vaults:3)
  8 deep elf annihilators (Elf:3)
  3 dire elephants
  A spark wasp (Spider:4)
  3 deep elf death magi
  A minotaur (Gauntlet)
  11 slime creatures
  5 merfolk javelineers
  An entropy weaver (Spider:4)
  2 deep elf high priests (Elf:3)
  Josephine (D:9)
  An ettin (Vaults:4)
  8 merfolk impalers
  A fire dragon (D:14)
  2 vault guards
  7 great orbs of eyes
  4 ogre magi
  3 catoblepae
  4 yaktaur captains
  An ironbound frostheart (Vaults:4)
  2 jorogumos (Spider:4)
  A radroach (Spider:3)
  5 boulder beetles
  A merfolk avatar (Shoals:4)
  17 dancing weapons
  6 merfolk aquamancers (Shoals:4)
  17 centaur warriors
  A death yak (Shoals:4)
  A satyr (Shoals:4)
  14 two-headed ogres
  A tengu warrior (D:13)
  2 shock serpents (shapeshifter)
  A deep troll earth mage (D:15)
  4 demonic crawlers
  A vampire mage (Vaults:2)
  A skyshark (Shoals:2)
  15 deep elf knights
  A titan skeleton (Vaults:4)
  7 pharaoh ants
  3 skeletal warriors (D:13)
  4 cherubim
  3 sea snakes
  A sun moth (Spider:1)
  10 deep trolls
  5 orb spiders
  10 lindwurms
  22 deep elf pyromancers
  9 deep elf archers
  11 ironbound convokers
  10 deep elf zephyrmancers
  A necromancer (Vaults:3)
  4 arcanists
  A phantasmal warrior (Vaults:3)
  7 harpies
  10 wolf spiders
  6 ugly things
  5 steelbarb worms
  7 manticores
  2 orc sorcerers (Orc:1)
  5 elephants
  4 kobold blastminers
  5 cyclopes
  10 vault sentinels
  A merfolk siren (Shoals:3)
  5 black mambas
  2 water nymphs (Shoals:2)
  12 cane toads
  2 gargoyles
  6 torpor snails
  A rime drake (Lair:4)
  A freezing wraith (Vaults:2)
  2 efreet (D:13)
  15 yaktaurs
  12 komodo dragons
  An ice devil (Shoals:3)
  2 hornets
  15 tarantellas
  3 polar bears (Lair:5)
  2 trolls
  13 merfolk
  2 wind drakes (Shoals:4)
  6 dream sheep
  14 blink frogs
  5 snapping turtles
  A vampire (D:7)
  22 jumping spiders
  6 water elementals
  14 culicivoras
  A centaur simulacrum (D:14)
  5 wraiths
  2 spriggans (Lair:5)
  2 air elementals (Elf:2)
  3 hogs (Lair:2)
  2 wyverns
  54 yaks
  4 steam dragons
  3 fire elementals
  2 wargs
  38 redbacks
  5 basilisks
  3 humans (D:13)
  13 vampire mosquitoes
  4 small abominations (Gauntlet)
  An ogre zombie (Vaults:4)
  An acid dragon (D:10)
  10 water moccasins
  2 black bears (D:5)
  2 ice beasts
  A meliai simulacrum (D:15)
  A sky beast (D:7)
  7 orc warriors
  2 laughing skulls (D:15)
  14 wolves
  17 ogres
  8 centaurs
  Blork the orc (D:6)
  A human zombie (Vaults:4)
  3 kobold brigands
  2 elf zombies (Ossuary)
  8 bullfrogs
  2 gnoll sergeants
  2 earth elementals
  A scorpion (D:7)
  18 wights
  A burial acolyte (Ossuary)
  3 howler monkeys
  An electric eel (D:8)
  A centaur zombie (Ossuary)
  A hound (D:5)
  A gnoll bouda (D:7)
  8 orc priests
  3 iguanas
  A sleepcap (D:5)
  8 orc wizards
  4 hell rats
  A killer bee zombie (Ossuary)
  2 hound zombies (Ossuary)
  3 mummies (Ossuary)
  18 gnolls
  10 adders
  A white imp (D:8)
  4 ufetubi (D:6)
  8 adder zombies (Ossuary)
  3 ribbon worms
  A dart slug (D:1)
  36 orcs
  3 bats
  4 endoplasms
  6 giant cockroaches
  7 goblins
  11 hobgoblins
  4 quokkas
  8 ball pythons
  3 ball python zombies (Ossuary)
  4 frilled lizards
  3 gnoll zombies (Ossuary)
  6 jackal zombies (Ossuary)
  18 kobolds
  A kobold zombie (Ossuary)
  2 orc zombies (Ossuary)
  8 rats
  3 tentacles (Shoals:4)
1009 creatures vanquished.

Vanquished Creatures (collateral kills)
  Zenata (Vaults:2)
  Gastronok (D:12)
  Asterion (Vaults:2)
  Donald (Shoals:4)
  Roxanne (D:15)
  2 deep elf sorcerers (Elf:3)
  A ghost moth (Spider:4)
  2 vault wardens
  An emperor scorpion (Spider:4)
  An orc warlord (Vaults:3)
  2 stone giants
  A deep elf death mage (Elf:3)
  An ironbound thunderhulk (Vaults:4)
  A dire elephant (Vaults:1)
  A deep elf annihilator (Elf:2)
  A war gargoyle (Vaults:2)
  3 merfolk javelineers
  4 merfolk impalers
  A fire dragon (D:15)
  A yaktaur captain (Vaults:3)
  2 entropy weavers
  A deep elf high priest (Elf:3)
  A vault guard (Vaults:2)
  2 hydras
  A peacekeeper (Vaults:3)
  4 ironbound frosthearts
  8 centaur warriors
  2 alligator snapping turtles
  A radroach (Spider:3)
  An ogre mage (Orc:2)
  19 dancing weapons
  4 merfolk avatars
  A merfolk aquamancer (Shoals:4)
  2 two-headed ogres (Orc:2)
  2 boulder beetles
  3 death yaks
  5 deep elf knights (Elf:2)
  2 demonic crawlers
  The ghost of Nebesus the Protected, a novice AtFi of Okawaru (D:7)
  A skyshark (Shoals:2)
  4 sea snakes
  3 deep trolls (Vaults:4)
  A glowing orange brain (Vaults:4)
  3 steelbarb worms
  5 deep elf archers
  3 orb spiders
  3 ironbound convokers
  2 orc knights (Vaults:2)
  9 harpies
  A tengu zombie (Vaults:4)
  12 deep elf pyromancers
  A faun (Shoals:1)
  An orc sorcerer (Orc:2)
  7 ugly things
  A necromancer (Vaults:4)
  20 deep elf zephyrmancers
  7 wolf spiders
  5 manticores
  A cyclops (D:11)
  A guardian serpent (Elf:1)
  2 moths of wrath
  A kobold blastminer (Orc:2)
  A merfolk siren (Shoals:2)
  A vault sentinel (Vaults:4)
  2 water nymphs
  A cane toad (shapeshifter) (D:14)
  A black mamba (Lair:5)
  2 torpor snails
  A rime drake (Lair:5)
  2 cane toads
  A yaktaur (Vaults:3)
  2 komodo dragons (Lair:5)
  An unseen horror (D:12)
  An ice devil (Shoals:3)
  11 merfolk
  2 wind drakes (Shoals:3)
  2 trolls
  7 tarantellas
  A queen bee (shapeshifter) (D:15)
  3 blink frogs (Lair:5)
  6 snapping turtles
  12 jumping spiders
  A slime creature (Vaults:3)
  6 water elementals
  2 air elementals
  2 culicivoras (shapeshifter) (D:15)
  8 culicivoras
  2 spriggans (Lair:5)
  A wraith (D:14)
  A fire elemental (Elf:2)
  9 yaks
  3 basilisks
  A human (D:13)
  A warg (Elf:2)
  A vampire mosquito (D:14)
  18 redbacks
  A water moccasin (Lair:4)
  A human skeleton (Vaults:4)
  2 orc warriors
  5 ogres (Orc:2)
  6 centaurs
  2 bullfrogs
  A howler monkey (D:12)
  3 orc wizards
  3 tentacles (Shoals:4)
324 creatures vanquished.

Vanquished Creatures (others)
  27 orc apostles
  An orc high priest (Elf:2)
  A spriggan berserker (Lair:5)
  A deep elf knight (Elf:1)
  An arcanist (Vaults:1)
  An orc knight (Vaults:2)
  2 deep elf pyromancers
  A deep elf zephyrmancer (Elf:3)
  A moth of wrath (Lair:5)
  A hornet (Lair:5)
  A tarantella (Spider:1)
  2 spriggans (Lair:5)
  2 humans (Spider:1)
  6 orcs
  3 ball lightnings (Lair:5)
  4 foxfires (Lair:3)
  12 tentacles (Shoals:4)
67 creatures vanquished.

Grand Total: 1400 creatures vanquished

Notes
Turn   | Place    | Note
-------+----------+-------------------------------------------
     0 | D:5      | SpatialMaelstrom the Draconian Delver began the quest for
                  | the Orb.
     0 | D:5      | Reached XP level 1. HP: 19/19 MP: 1/1
     1 | D:5      | Noticed a black bear
    55 | D:4      | Reached XP level 2. HP: 12/26 MP: 2/2
   240 | D:2      | Reached XP level 3. HP: 28/31 MP: 3/3
   813 | D:1      | Reached XP level 4. HP: 40/40 MP: 4/4
  1397 | D:2      | Found Ylagy's Assorted Antiques.
  1402 | D:2      | Bought a smoky cyan potion for 18 gold pieces
  1402 | D:2      | Bought a bubbling pink potion for 18 gold pieces
  1402 | D:2      | Bought a fuming black potion for 18 gold pieces
  1448 | D:2      | Reached skill level 4 in Fighting
  1455 | D:2      | Reached skill level 5 in Stealth
  1794 | D:2      | Reached XP level 5. HP: 33/46 MP: 5/5
  2200 | D:3      | Found a radiant altar of Vehumet.
  2208 | D:3      | Found a hide-covered altar of Uskayaw.
  2426 | D:3      | Found a bloodstained altar of Trog.
  3073 | D:5      | Reached XP level 6. HP: 51/53 MP: 6/6
  3284 | D:5      | Reached skill level 5 in Long Blades
  3526 | D:4      | Reached skill level 5 in Fighting
  3625 | D:5      | Your scales start taking on a pale cyan-grey colour.
  3625 | D:5      | Reached XP level 7. HP: 45/55 MP: 7/7
  3625 | D:5      | Gained mutation: You are immune to the effects of steam.
                  | [Pale Draconian growth]
  4043 | D:6      | Found a sparkling altar of Nemelex Xobeh.
  4230 | D:6      | Found Goomaap's Book Shop.
  4349 | D:6      | Reached XP level 8. HP: 61/70 MP: 8/8
  4416 | D:6      | Reached skill level 6 in Fighting
  4655 | D:6      | Noticed Blork the orc
  4665 | D:6      | Killed Blork the orc
  4875 | D:6      | Found a staircase to the Ecumenical Temple.
  5312 | Temple   | Entered the Ecumenical Temple
  5461 | D:7      | Reached skill level 5 in Dodging
  5698 | D:7      | Found a sand-covered staircase.
  5727 | Ossuary  | Entered an ossuary
  5826 | Ossuary  | Reached skill level 7 in Fighting
  5955 | Ossuary  | Reached XP level 9. HP: 79/79 MP: 9/9
  6042 | D:7      | Found a basalt altar of Yredelemnul.
  6049 | D:7      | Reached skill level 1 in Shields
  6176 | D:7      | Noticed Nebesus's ghost (novice AtFi)
  6179 | D:7      | Found a runed translucent door.
  6551 | D:7      | Found an iron altar of Okawaru.
  7242 | D:8      | Reached skill level 8 in Fighting
  7555 | D:8      | Reached skill level 10 in Long Blades
  7629 | D:8      | Reached XP level 10. HP: 88/88 MP: 10/10
  8029 | D:9      | Found a staircase to the Lair.
  8046 | D:8      | Became a worshipper of Beogh the Shepherd
  8212 | D:9      | Noticed a two-headed ogre
  8217 | D:9      | Killed a two-headed ogre
  8370 | D:10     | Entered Level 10 of the Dungeon
  8445 | D:10     | Reached skill level 9 in Fighting
  8452 | D:10     | Noticed Josephine
  8479 | D:9      | Killed Josephine
  8480 | D:9      | Reached skill level 5 in Shields
  8694 | D:10     | Reached XP level 11. HP: 97/97 MP: 11/11
  8701 | D:10     | Reached * piety under Beogh
  8809 | D:10     | Found a staircase to the Orcish Mines.
  9040 | D:10     | Found Yrrosch's Book Emporium.
  9174 | Lair:1   | Entered Level 1 of the Lair of Beasts
  9627 | Lair:1   | Reached skill level 10 in Fighting
 10271 | Lair:2   | Found a gate leading to a gauntlet.
 10307 | Gauntlet | Entered a Gauntlet
 10307 | Gauntlet | Noticed a catoblepas
 10307 | Gauntlet | Noticed a catoblepas
 10307 | Gauntlet | Found a transporter.
 10307 | Gauntlet | Found a transporter.
 10307 | Gauntlet | Found a transporter.
 10318 | Gauntlet | Found a transporter.
 10320 | Gauntlet | Found a transporter.
 10331 | Gauntlet | Found a transporter.
 10331 | Gauntlet | Found a transporter.
 10339 | Gauntlet | Found a transporter.
 10348 | Gauntlet | Noticed an orange crystal statue
 10353 | Gauntlet | Noticed a white ugly thing
 10357 | Gauntlet | Found a transporter.
 10361 | Gauntlet | Noticed a great orb of eyes
 10375 | Gauntlet | Found a transporter.
 10378 | Gauntlet | Found a transporter.
 10388 | Gauntlet | Found a transporter.
 10496 | Gauntlet | Killed a catoblepas
 10496 | Gauntlet | Reached ** piety under Beogh
 10689 | Gauntlet | Got Dafev's Monograph on Ensorcelling and the Tincture
 10766 | Gauntlet | Killed a white ugly thing
 10767 | Gauntlet | Reached XP level 12. HP: 95/107 MP: 12/12
 10773 | Gauntlet | Killed a great orb of eyes
 10777 | Gauntlet | Identified the +1 pair of boots of Death's Door {Harm rC+
                  | Int+3}
 10826 | Gauntlet | Noticed a minotaur
 10831 | Gauntlet | Killed a minotaur
 11117 | Lair:2   | Found a hole to the Spider Nest.
 11317 | Lair:2   | Identified the +2 robe of Lust {rC+}
 11333 | Lair:2   | Reached skill level 11 in Fighting
 11767 | Lair:2   | Found an ornate altar of the Wu Jian Council.
 12331 | Lair:3   | Reached *** piety under Beogh
 12374 | Lair:3   | Noticed Hilgar
 12426 | Lair:3   | Found a staircase to the Shoals.
 13192 | Lair:3   | Found a staircase to the Shoals.
 13615 | Lair:4   | Found a viscous altar of Jiyva.
 13615 | Lair:4   | Found a staircase to the Slime Pits.
 13891 | Lair:3   | Reached skill level 12 in Fighting
 13895 | Lair:3   | Reached XP level 13. HP: 110/118 MP: 13/13
 13922 | Lair:3   | Identified the +0 great sword "Winitt" {freeze, Will+ SInv}
 13941 | Lair:3   | Anointed Gorm the warrior as your apostle
 14044 | Lair:4   | Reached skill level 10 in Dodging
 14745 | Lair:5   | Entered Level 5 of the Lair of Beasts
 14771 | Lair:4   | Reached **** piety under Beogh
 14831 | Lair:5   | Found a transporter.
 14831 | Lair:5   | Found a transporter.
 14838 | Lair:5   | Noticed Uduj's ghost (journeyman DjCj)
 14989 | Lair:5   | Your ally Gorm died
 15415 | Lair:5   | Reached skill level 10 in Shields
 15523 | Lair:5   | Reached skill level 13 in Fighting
 15658 | Lair:5   | Found a bloodstained altar of Trog.
 15737 | Lair:5   | Reached ***** piety under Beogh
 15759 | Lair:5   | Identified the +1 dire flail of Proximity {protect, Stlth+}
 15772 | Lair:5   | Anointed Oreg the warrior as your apostle
 16284 | Lair:5   | Identified a scroll of acquirement
 16442 | Orc:1    | Entered Level 1 of the Orcish Mines
 16522 | Orc:1    | Found a roughly hewn altar of Beogh.
 16742 | Orc:2    | Entered Level 2 of the Orcish Mines
 17124 | Orc:2    | Found Purch's General Store.
 17124 | Orc:2    | Found Tenkor's Armour Shop.
 17124 | Orc:2    | Found Voratoic's Armour Boutique.
 17124 | Orc:2    | Found Zuuluanu's Distillery.
 17132 | Orc:2    | Reached skill level 15 in Long Blades
 17132 | Orc:2    | Reached XP level 14. HP: 129/129 MP: 14/14
 17137 | Orc:2    | Your ally Gorm died
 17932 | Orc:2    | Reached skill level 14 in Fighting
 18128 | Orc:2    | Bought a scroll of teleportation for 36 gold pieces
 18128 | Orc:2    | Bought a scroll of identify for 24 gold pieces
 18128 | Orc:2    | Bought a scroll of identify for 24 gold pieces
 18132 | Orc:2    | Bought a potion of heal wounds for 80 gold pieces
 18132 | Orc:2    | Bought a potion of heal wounds for 80 gold pieces
 18132 | Orc:2    | Bought a potion of haste for 160 gold pieces
 18132 | Orc:2    | Bought a potion of curing for 48 gold pieces
 18132 | Orc:2    | Bought a potion of curing for 48 gold pieces
 18132 | Orc:2    | Bought a potion of berserk rage for 80 gold pieces
 18132 | Orc:2    | Bought a potion of berserk rage for 80 gold pieces
 18142 | Orc:2    | Found a staircase to the Elven Halls.
 19612 | D:12     | Acquired 980 gold pieces
 19613 | D:12     | Acquired a manual of Long Blades
 19655 | D:12     | Noticed Gastronok
 19667 | D:12     | Killed Gastronok
 20511 | D:13     | Noticed an ironbound thunderhulk
 20525 | D:13     | Your ally Gorm died
 20537 | D:13     | Killed an ironbound thunderhulk
 20549 | D:13     | Identified the +9 scale mail of the Wary Interlopers
                  | {Will+}
 20584 | D:13     | Anointed Milork the warrior as your apostle
 20885 | D:13     | Found a gate to the Vaults.
 20953 | D:13     | Found a glowing golden altar of the Shining One.
 21178 | D:13     | Reached XP level 15. HP: 139/139 MP: 15/15
 21694 | D:14     | Found Ugaust's Armour Boutique.
 21750 | D:14     | Reached ****** piety under Beogh
 22066 | D:14     | Noticed Jorgrun
 22076 | D:14     | Killed Jorgrun
 22077 | D:14     | Reached skill level 15 in Fighting
 22567 | D:15     | Entered Level 15 of the Dungeon
 22822 | D:15     | Noticed Roxanne
 22845 | D:15     | Killed Roxanne
 23253 | D:15     | Found a staircase to the Depths.
 23684 | D:7      | Killed Nebesus's ghost
 23816 | Lair:5   | Your ally Oreg died
 23819 | Lair:5   | Killed Uduj's ghost
 24176 | Shoals:1 | Entered Level 1 of the Shoals
 24460 | Shoals:1 | Identified the +1 scale mail "Waer" {Str+7}
 25112 | Shoals:2 | Reached skill level 16 in Fighting
 25966 | Shoals:3 | Found Meruka's Antique Weapon Boutique.
 26293 | Shoals:3 | Reached XP level 16. HP: 144/151 MP: 16/16
 26454 | Shoals:3 | Identified the +1 robe "Ysusmac" {Dex+3 Slay+5}
 26468 | Shoals:3 | Anointed Warrok the wizard as your apostle
 27242 | Shoals:4 | Entered Level 4 of the Shoals
 27267 | Shoals:4 | Noticed Donald
 27267 | Shoals:4 | Your ally Warrok died
 27271 | Shoals:4 | Your ally Gorm died
 28430 | Shoals:4 | Killed Donald
 28466 | Shoals:4 | Identified the +2 short sword "Niskutt" {heavy, rPois rC-
                  | rN++}
 28473 | Shoals:4 | Noticed Polyphemus
 28482 | Shoals:4 | Noticed a kraken
 28483 | Shoals:4 | Killed Polyphemus
 28505 | Shoals:4 | Reached skill level 17 in Fighting
 28776 | Shoals:4 | Found a white marble altar of Elyvilon.
 28799 | Shoals:4 | Your ally Milork died
 29231 | Shoals:4 | Found a glowing golden altar of the Shining One.
 29813 | Shoals:4 | Found a glowing silver altar of Zin.
 29818 | Shoals:4 | Your ally Warrok died
 29839 | Shoals:4 | Reached skill level 15 in Shields
 29989 | Shoals:4 | Got a barnacled rune of Zot
 29991 | Shoals:4 | Identified the +0 whip of Reason {antimagic, +Blink Fly
                  | rCorr Dex+3}
 30018 | Shoals:4 | Your ally Gorm died
 30020 | Shoals:4 | Killed a kraken
 30694 | Spider:1 | Entered Level 1 of the Spider Nest
 31498 | Lair:2   | Found a hole to the Spider Nest.
 31660 | Lair:2   | Reached skill level 15 in Dodging
 31767 | Lair:2   | Found an ornate altar of the Wu Jian Council.
 32041 | Spider:1 | Noticed Kirke
 32296 | Lair:2   | Killed Kirke
 32297 | Lair:2   | Reached skill level 18 in Fighting
 32297 | Lair:2   | Reached XP level 17. HP: 163/163 MP: 17/17
 32436 | Spider:1 | Reached skill level 1 in Shapeshifting
 32787 | Spider:1 | Your ally Warrok died
 32793 | Spider:1 | Your ally Gorm died
 32796 | Spider:1 | Your ally Milork died
 32897 | Spider:1 | Identified the +1 dagger of Gehenna {drain, +Blink Will+}
 32907 | Spider:1 | Anointed Bolgrim the wizard as your apostle
 33207 | Spider:1 | Reached skill level 5 in Shapeshifting
 34137 | Spider:2 | Your ally Bolgrim died
 34757 | Spider:3 | Noticed Arachne
 34952 | Spider:3 | Killed Arachne
 36090 | Spider:4 | Entered Level 4 of the Spider Nest
 36319 | Spider:4 | Reached skill level 10 in Shapeshifting
 36443 | Spider:4 | Found a runed translucent gate.
 36443 | Spider:4 | Found a runed translucent gate.
 36443 | Spider:4 | Found a runed translucent gate.
 36444 | Spider:4 | Noticed senseless's ghost (adept FeSh)
 36466 | Spider:4 | Killed senseless's ghost
 36542 | Spider:4 | Identified the +3 lajatang of a Labyrinth {drain, rF+ Will+
                  | Dex+3}
 36787 | Spider:4 | Your ally Warrok died
 36800 | Spider:4 | Your ally Milork died
 36803 | Spider:4 | Your ally Bolgrim died
 37266 | Spider:4 | Reached XP level 18. HP: 129/172 MP: 2/18
 37483 | Spider:4 | Got a gossamer rune of Zot
 37927 | Spider:3 | Paralysed by Zorug for 1 turns
 37943 | Spider:3 | Anointed Zorug the priest as your apostle
 38335 | D:2      | Bought a potion of haste for 200 gold pieces
 38647 | Vaults:1 | Entered Level 1 of the Vaults
 39022 | Vaults:1 | Your ally Zorug died
 41034 | Vaults:2 | Found Fewobbog's Magic Scroll Emporium.
 41038 | Vaults:2 | Bought a scroll of brand weapon for 104 gold pieces
 41038 | Vaults:2 | Bought a scroll of blinking for 82 gold pieces
 41038 | Vaults:2 | Bought a scroll of fear for 44 gold pieces
 41038 | Vaults:2 | Bought a scroll of teleportation for 33 gold pieces
 41038 | Vaults:2 | Bought a scroll of teleportation for 33 gold pieces
 41048 | Vaults:2 | Noticed Asterion
 41054 | Vaults:2 | Gained mutation: You have hidden genetic potential. [a
                  | cacodemon]
 41059 | Vaults:2 | Killed Asterion
 41060 | Vaults:2 | Noticed Zenata
 41069 | Vaults:2 | Killed Zenata
 41100 | Vaults:2 | Found Kurusmant's Weapon Shop.
 41112 | Vaults:2 | Your ally Warrok died
 41122 | Vaults:2 | Your ally Bolgrim died
 41538 | Vaults:2 | Found a runed translucent gate.
 41538 | Vaults:2 | Found a runed translucent gate.
 41538 | Vaults:2 | Found a runed translucent gate.
 41539 | Vaults:2 | Noticed Qedwod's ghost (veteran DrFE)
 41741 | Vaults:2 | Found Kulad's Magic Scroll Emporium.
 41749 | Vaults:2 | Bought a scroll of enchant armour for 112 gold pieces
 41749 | Vaults:2 | Bought a scroll of teleportation for 45 gold pieces
 41782 | Vaults:2 | Found Awkegotz's Jewellery Shop.
 41792 | Vaults:2 | Found Myrhiv's Weapon Emporium.
 42264 | Vaults:2 | Identified the +11 lajatang of Nightmares {heavy, *Noise
                  | Will++ Str+6}
 42264 | Vaults:2 | Found the -2 hat of the Alchemist {rElec rPois rF+ rC+ rN+
                  | Will+ rMut rCorr}
 42265 | Vaults:2 | Found an iron altar of Okawaru.
 42577 | Vaults:2 | Found a staircase to the Crypt.
 42582 | Vaults:2 | Your ally Zorug died
 43168 | Vaults:2 | Bought the ring "Zoem" {Fire rN++ Str-2} for 766 gold
                  | pieces
 43168 | Vaults:2 | Bought the ring of the Crushed Invaders {rF+ EV+5 Int+4}
                  | for 1168 gold pieces
 43400 | Vaults:3 | Reached skill level 15 in Shapeshifting
 43454 | Vaults:3 | Found Bizaox's Distillery.
 43463 | Vaults:3 | Bought a potion of haste for 170 gold pieces
 43463 | Vaults:3 | Bought a potion of invisibility for 136 gold pieces
 43463 | Vaults:3 | Bought a potion of berserk rage for 85 gold pieces
 43463 | Vaults:3 | Bought a potion of berserk rage for 85 gold pieces
 44485 | Vaults:3 | Reached XP level 19. HP: 149/179 MP: 19/19
 45266 | Vaults:3 | Noticed Xtahua
 45318 | Vaults:2 | Paralysed by Xtahua for 4 turns
 45327 | Vaults:2 | Killed Xtahua
 45467 | Vaults:3 | Identified the +5 flail of Disembowelment {venom, Fly Will-
                  | Dex+6}
 45486 | Vaults:3 | Anointed Bogdan the priest as your apostle
 46807 | Vaults:4 | Gained mutation: You are covered in fur. (AC +1) [hidden
                  | potential]
 47848 | Elf:1    | Entered Level 1 of the Elven Halls
 48097 | Elf:1    | Found a radiant altar of Vehumet.
 48122 | Elf:1    | Identified the +9 falchion of Cheibriados's Favour {elec,
                  | ^Contam Fly Int-3 Dex+7}
 48587 | Elf:1    | Your ally Bogdan died
 48611 | Elf:1    | Reached skill level 19 in Fighting
 49162 | Elf:1    | Reached XP level 20. HP: 181/191 MP: 20/20
 49447 | Elf:2    | Your ally Bolgrim died
 49742 | Elf:2    | Found a runed translucent gate.
 49743 | Elf:2    | Found a runed translucent gate.
 49743 | Elf:2    | Found a runed translucent gate.
 49805 | Elf:2    | Paralysed by an air elemental for 1 turns
 50177 | Elf:2    | Your ally Bogdan died
 50635 | Elf:2    | Identified the +2 great sword of Wisdom {flame, Dex+2}
 50652 | Elf:2    | Anointed Bogdar the warrior as your apostle
 51338 | Elf:2    | Your ally Bogdan died
 51363 | Elf:2    | Gained mutation: You are robust. (+10% HP) [hidden
                  | potential]
 51363 | Elf:2    | Lost mutation: You have hidden genetic potential. [hidden
                  | potential expressed]
 51709 | Elf:3    | Entered Level 3 of the Elven Halls
 51938 | Elf:3    | Noticed Louise
 51949 | Elf:3    | Killed Louise
 52167 | Elf:3    | Identified the +5 ring mail of Jigsaw {rPois rF+ Dex+4}
 52368 | Elf:3    | Your ally Bogdan died
 52692 | Elf:3    | Your ally Bogdar died
 52696 | Elf:3    | Reached skill level 20 in Fighting
 52702 | Elf:3    | Your ally Zorug died
 52980 | Elf:3    | Identified the ring of Codud {rN+ MP+9 Str+2}
 53528 | Elf:3    | Identified the +4 rapier of Duty {pain, Dex+3}
 53529 | Elf:3    | Identified the +2 robe of the Bulwark {Str+5}
 53544 | Elf:3    | Gained mutation: You are vulnerable to cold. (rC-) [a
                  | neqoxec]
 54072 | Elf:3    | Identified the +1 plate armour of Vexation {Rampage}
 54098 | Elf:3    | Identified the ring "Elist" {rN+ SInv}
 54203 | Elf:3    | Identified the staff "Huwun" {rF- Dex+5 SInv Conj}
 54217 | Elf:3    | Identified the +4 sling "Keecot" {flame, rElec Str+3}
 54223 | Elf:3    | Identified the +1 flail "Ezitustu" {drain, *Corrode Int+5
                  | SInv Stlth+}
 54226 | Elf:3    | Identified the +0 robe of Farfalle {Int+8}
 54755 | Depths:1 | Entered Level 1 of the Depths
 54755 | Depths:1 | Identified the storm talisman of Apeaxuin {rF+ Int+3 Dex+3}
 54755 | Depths:1 | Noticed Sojobo
 54766 | Depths:1 | Paralysed by an air elemental for 1 turns
 54784 | D:15     | Killed from afar by Sojobo

Illustrated notes

Levels and vault maps discovered:
D:1:      ncdulo_watergridlock, layout_loops_ring, serial_aquarium,
          aquarium_bridge_square [aquarium_subvault_bridge,
          aquarium_subvault_bridge, aquarium_subvault_balcony,
          aquarium_subvault_balcony], aquarium_bridge_island_small
          [aquarium_subvault_small_open, aquarium_subvault_bridge,
          aquarium_subvault_bridge, aquarium_subvault_bridge,
          aquarium_subvault_bridge], aquarium_window_corridor_3,
          aquarium_window_2, aquarium_window_corner, aquarium_window_fake,
          aquarium_view_2e, aquarium_view_2e, aquarium_pool_four
D:2:      layout_basic, serial_shops, shop
D:3:      layout_rooms, general_overflow_altar,
          chequers_temple_overflow_statue_of_worship, chequers_garden
D:4:      layout_cave_pools
D:5:      layout_basic, dk_rats_in_the_wall
D:6:      layout_gridville, lemuel_round_altar, minmay_temple_entry_mini_moons,
          serial_shops, nicolae_shop_crystal, due_unseen_surprise,
          uniq_blork_the_orc
D:7:      layout_basic, mainiacjoe_overflow_chevrons, kennysheep_mini_moat,
          nicolae_ossuary_entry_ruins, hellmonk_ghost_happy_afterlife
D:8:      cheibrodos_helix_gallery, layout_basic, minivault_19
D:9:      layout_rooms, erik_lair_orcish_takeover, nicolae_tricolors
D:10:     layout_cave_pools, orc_0_dummy, nicolae_stop_n_shop_2, uniq_josephine
D:11:     layout_gridville
D:12:     layout_loops_ring, uniq_gastronok
D:13:     layout_roguey, hellmonk_vaults_keyhole, nicolae_tso_carved_into_rock
D:14:     layout_rooms, nicolae_benzene_ring, serial_shops,
          nicolae_shop_tiny_waterfront, uniq_jorgrun
D:15:     hellmonk_depths_entry_around_the_bend, layout_loops_ring, uniq_roxanne
Temple:   compressed_dpeg_triangle_lava_temple
Lair:1:   layout_small_grid, minivault_27
Lair:2:   layout_loops_ring, spider_nest_entry_rubble, basic_altar,
          gauntlet_entry_generic
Lair:3:   layout_regular_city, elwin_shoals_entry_rocks, beast_lair_carwin_9,
          lemuel_fruit_fields
Lair:4:   layout_gridlike, slime_entry_1, chequers_serial_rivers_marsh
Lair:5:   gammafunk_lair_ancient_temple, layout_regular_city,
          gammafunk_ghost_wrathful_warriors
Shoals:1: layout_shoals
Shoals:2: layout_shoals, yaktaur_hedge
Shoals:3: layout_shoals, serial_shops, nicolae_square_shop
Shoals:4: shoals_end_hellmonk_holy_island, uniq_polyphemus, uniq_donald
Spider:1: layout_spider_delve, hangedman_spider_mandibles, nicolae_spider_shape,
          uniq_kirke
Spider:2: layout_spider_delve, drop_trap
Spider:3: layout_cave_pods, nicolae_spider_nook, uniq_arachne
Spider:4: grunt_spider_rune_parallel, ebering_ghost_rock_garden
Orc:1:    layout_caves, basic_altar
Orc:2:    st_orc_ogre_mass, layout_caves
Elf:1:    eino_elf_arrival_altar, layout_onion_city, nicolae_elf_crossing_hall,
          minivault_25, grunt_ministairs_4, chequers_hall_statues_wall_a,
          fake_guardian_serpent_vault
Elf:2:    nicolae_elf_blades_crystal_corner, layout_geoelf_diagonals,
          serial_sigils, serial_sigils_hangedman_quiver,
          serial_sigils_hangedman_shear, serial_sigils_hangedman_gnaw,
          serial_sigils_hangedman_writhe
Elf:3:    minmay_elf_hall_statues, layout_geoelf_castle, uniq_louise
Vaults:1: infiniplex_enter_wizlab_water, v_rooms_1,
          nicolae_vaults_network_quinsquares
          [nicolae_vaults_network_quincunx_subvault,
          nicolae_vaults_network_quincunx_subvault,
          nicolae_vaults_network_quincunx_subvault,
          nicolae_vaults_network_quincunx_subvault],
          nicolae_vaults_shipping_containers_6, vaults_dpeg_ring,
          nicolae_vaults_six-pack, nicolae_vaults_theta,
          nicolae_vaults_tangram_2, nicolae_vaults_weapon_check,
          hangedman_vaults_capsules, layout_vaults_omnigrid
Vaults:2: gammafunk_ghost_fury_of_okawaru, grunt_vaults_diagonal,
          minmay_crypt_entry_simple_round, nicolae_vaults_trapezoid_layered,
          nicolae_vaults_closet_pinwheel_6, vaults_mumra_minichess_inversion,
          vaults_room_stairs_pillars, nicolae_vaults_murder_corner,
          nicolae_vaults_trapezoid_1, layout_vaults_chaotic_city, serial_shops,
          nicolae_shop_trees, nicolae_shop_back_alley_shop, shop, shop, shop,
          uniq_asterion, uniq_zenata
Vaults:3: nicolae_vaults_cornered_office, v_misc_8, nicolae_vaults_triangles,
          vaults_room_fours, ontoclasm_vaults_gateway, vaults_room_fours,
          nicolae_vaults_offset_grid_hallway_4, vaults_room_hallway,
          nicolae_vaults_tetromino_Z_1, nicolae_vaults_shipping_containers_5,
          dpeg_vaults_monster_box, vaults_room_pools, dpeg_vaults_monster_row,
          layout_vaults_omnicross, serial_shops, nicolae_shop_tiny_glass,
          uniq_xtahua
Vaults:4: st_cross, hangedman_vaults_maws, nicolae_vaults_storage_closets_2,
          v_misc_27, v_misc_29, vaults_dpeg_hooks, vaults_room_octagon,
          grunt_vaults_trifunnel, nicolae_vaults_network_s,
          nicolae_vaults_house_2, nicolae_vaults_apartment_1,
          layout_vaults_omnibox
Depths:1: layout_gridlike, chequers_hall_statues_y, hellmouth_1, serial_shops,
          shop, grunt_tough_drop, uniq_sojobo

Skill      XL: |  1  2  3  4  5  6  7  8  9 10 11 12 13 14 15 16 17 18 19 20 |
---------------+-------------------------------------------------------------+-----
Dodging        | 2 3 4 5 6 7 8 9 11 12 13 15 17 | 17.0
Long Blades    | 3 4 5 6 8 10 11 13 14 15 16 | 16.0
Fighting       | 4 5 7 8 9 10 12 13 14 16 18 19 20 | 20.3
Stealth        | 5 |  5.0
Shields        | 3 5 7 8 10 11 13 15 16 17 | 17.4
Shapeshifting  | 11 15 16 17 | 17.0

Action                     |  1- 3 |  4- 6 |  7- 9 | 10-12 | 13-15 | 16-18 | 19-21 || total
---------------------------+-------+-------+-------+-------+-------+-------+-------++-------
  Melee: Falchion          |    76 |       |       |       |       |       |       ||    76
         Tailslap          |     8 |    39 |    31 |    89 |   191 |   322 |   153 ||   833
         Dagger            |     8 |   219 |       |       |       |       |       ||   227
         Long sword        |       |    15 |       |       |       |       |       ||    15
         Scimitar          |       |     4 |   255 |   483 |   834 |  1493 |   738 ||  3807
         Double sword      |       |       |       |    19 |     8 |       |    83 ||   110
         Maw               |       |       |       |       |       |       |    93 ||    93
 Invoke: Convert to Beogh  |       |       |       |     1 |       |       |       ||     1
         Recruit Apostle   |       |       |       |       |     3 |     3 |     2 ||     8
         Recall Apostles   |       |       |       |       |     4 |     3 |     1 ||     8
         Dismiss Apostle   |       |       |       |       |       |     3 |     2 ||     5
Ability: Breathe Steam     |       |       |    29 |    50 |    15 |     8 |     2 ||   104
  Evoke: Wand              |       |     3 |     9 |     2 |       |     1 |     2 ||    17
         Lightning rod     |       |       |       |     3 |     4 |       |       ||     7
         Condenser vane    |       |       |       |       |       |     2 |       ||     2
         Phial of floods   |       |       |       |       |       |     1 |     1 ||     2
         Phantom mirror    |       |       |       |       |       |     1 |       ||     1
    Use: Potion            |     1 |       |       |       |     4 |    20 |     1 ||    26
         Scroll            |       |     1 |    12 |     7 |    13 |    12 |    16 ||    61
   Stab: Sleeping          |     6 |    12 |     4 |     6 |    10 |    15 |     9 ||    62
         Distracted        |       |     1 |     2 |       |    16 |    11 |    11 ||    41
         Paralysed         |       |     4 |     2 |     2 |       |     4 |     5 ||    17
         Confused          |       |       |       |       |       |     8 |       ||     8
         Petrifying        |       |       |       |       |       |     1 |       ||     1
         Petrified         |       |       |       |       |       |     1 |       ||     1
         Held in net/web   |       |       |       |       |       |     1 |       ||     1
 Armour: Skin              |    54 |   124 |   141 |   163 |   214 |   606 |   306 ||  1608
  Dodge: Dodged            |    69 |   173 |   166 |   223 |   424 |  1199 |   640 ||  2894
         Repelled          |       |       |       |     1 |     8 |    14 |    19 ||    42
  Block: Kite shield       |       |       |    77 |   437 |   708 |  1860 |   918 ||  4000
         Reflection        |       |       |     3 |     3 |    32 |    72 |    76 ||   186
         Other             |       |       |       |       |       |     1 |       ||     1
         Form:             |       |       |       |       |       |     1 |     1 ||     2
         Statue            |       |       |       |       |       |     1 |     1 ||     2
         Maw               |       |       |       |       |       |       |     1 ||     1

Table legend: (Time is in decaauts)
 A = Elapsed time spent in this place.
 B = Non-inter-level travel time spent in this place.
 C = Inter-level travel time spent in this place.
 D = Time resting spent in this place.
 E = Time spent auto-exploring this place.
 F = Levels seen in this place.
 G = Mean time per level.
                   A        B        C        D        E       F      G
               +--------+--------+--------+--------+--------+-----+--------+
         Total |  58016 |  52799 |   5217 |  14570 |  29533 |  41 | 1415.0 |
       Dungeon |  15288 |  13252 |   2036 |   2293 |   8593 |  15 | 1019.2 |
        Temple |      1 |      1 |      0 |      0 |      0 |   1 |    1.0 |
          Lair |   8985 |   8063 |    922 |   1760 |   5073 |   5 | 1797.0 |
        Shoals |   6315 |   6050 |    265 |   1906 |   3168 |   4 | 1578.8 |
   Spider Nest |   5907 |   5671 |    236 |   1710 |   2898 |   4 | 1476.8 |
  Orcish Mines |   2323 |   1965 |    358 |    838 |    886 |   2 | 1161.5 |
   Elven Halls |   7371 |   6995 |    376 |   2730 |   3107 |   3 | 2457.0 |
        Vaults |  10798 |   9778 |   1020 |   3077 |   5379 |   4 | 2699.5 |
        Depths |     12 |     12 |      0 |      0 |      0 |   1 |   12.0 |
       Ossuary |    295 |    295 |      0 |      0 |    122 |   1 |  295.0 |
      Gauntlet |    717 |    717 |      0 |    254 |    305 |   1 |  717.0 |
               +--------+--------+--------+--------+--------+-----+--------+

Top non-repeatable levels by time:
Vaults:2: 3802 daAuts
   Elf:2: 3053 daAuts
Vaults:3: 2869 daAuts
  Lair:2: 2859 daAuts
Shoals:3: 2786 daAuts
Vaults:1: 2294 daAuts
   Elf:3: 2188 daAuts
   Elf:1: 2129 daAuts
  Lair:3: 1966 daAuts
     D:6: 1845 daAuts
Vaults:4: 1831 daAuts
  Lair:5: 1824 daAuts
Spider:4: 1816 daAuts
Shoals:4: 1603 daAuts
    D:13: 1585 daAuts
